Map: [ESL] Crimson Court

Players

ShoWTimE - Winner!

  • Race: Protoss Protoss
  • League: Master
  • Spawn Location: 1:00

SKillous

  • Race: Protoss Protoss
  • League: Grandmaster
  • Spawn Location: 7:00

Event: HomeStory Cup XXV

VOD

Have the link to the VOD?

Description

Time

  • Played on: June 23, 2024, 12:05 p.m.
  • Length: 12:18

All games in this series

Show
View Real Time Build Order
Export as new Build Order

ShoWTimE Protoss - Winner!

Build Orders: Phoenix Opening 

Get SALT Encoding   

  12  0:00  Probe  
  13  0:12  Probe  
  14  0:17  Pylon  
  14  0:24  Probe (Chrono Boost)  
  15  0:36  Gateway, Probe (Chrono Boost)  
  16  0:44  Probe (Chrono Boost)  
  16  0:45  Assimilator  
  17  0:50  Probe  
  18  1:03  Probe (Chrono Boost)  
  19  1:04  Assimilator  
  19  1:09  Gateway  
  19  1:13  Probe (Chrono Boost)  
  19  1:18  Probe (Chrono Boost)  
  20  1:23  Cybernetics Core  
  21  1:29  Probe  
  22  1:36  Pylon  
  22  1:41  Probe  
  23  1:54  Probe  
  24  1:57  Warp Gate (Chrono Boost)  
  24  2:00  Adept x2  
  28  2:06  Probe  
  29  2:10  Pylon  
  29  2:27  Pylon  
  29  2:30  Adept x2  
  33  2:54  Nexus  
  33  3:02  Adept  
  33  3:05  Adept  
  37  3:13  Pylon  
  37  3:16  Probe  
  38  3:24  Shield Battery  
  38  3:30  Twilight Council  
  38  3:32  Probe  
  39  3:43  Sentry x2  
  39  3:44  Probe  
  44  3:56  Probe  
  44  3:57  Phoenix  
  45  4:06  Probe  
  45  4:08  Probe  
  46  4:15  Stalker x2  
  44  4:19  Blink (Chrono Boost)  
  44  4:20  Probe  
  44  4:23  Shield Battery  
  39  4:24  Probe  
  40  4:33  Probe  
  40  4:36  Probe  
  42  4:38  Stalker  
  42  4:41  Stalker  
  42  4:45  Probe  
  47  4:48  Probe  
  48  4:55  Phoenix  
  48  4:57  Probe  
  49  5:00  Probe  
  49  5:01  Stalker  
  49  5:04  Shield Battery  
  52  5:09  Probe  
  52  5:10  Stalker  
  52  5:12  Probe  
  54  5:19  Pylon  
  55  5:21  Probe  
  55  5:24  Probe  
  55  5:26  Robotics Facility  
  55  5:28  Stalker  
  58  5:33  Probe  
  58  5:34  Assimilator  
  59  5:42  Stalker  
  61  5:43  Pylon, Probe  
  61  5:47  Probe  
  62  5:55  Phoenix  
  62  5:57  Nexus  
  62  5:58  Probe  
  62  6:00  Probe  
  64  6:06  Stalker x2  
  64  6:10  Probe  
  69  6:12  Probe  
  69  6:13  Observer (Chrono Boost), Pylon  
  69  6:18  Gateway, Phoenix  
  71  6:22  Probe  
  71  6:24  Gateway, Probe  
  73  6:34  Probe  
  73  6:36  Gateway  
  73  6:38  Forge  
  74  6:42  Stalker x2  
  74  6:45  Probe  
  74  6:46  Probe  
  80  6:50  Observer  
  81  6:57  Probe  
  81  6:59  Charge (Chrono Boost)  
  80  7:05  Stalker x2, Phoenix  
  80  7:06  Probe  
  84  7:09  Probe  
  84  7:12  Probe  
  84  7:13  Protoss Ground Weapons Level 1 (Chrono Boost)  
  86  7:19  Shield Battery  
  86  7:24  Stalker  
  86  7:25  Probe  
  86  7:26  Probe x2  
  91  7:31  Stalker x2  
  91  7:34  Pylon  
  95  7:38  Probe  
  95  7:41  Stalker x2  
  95  7:44  Shield Battery  
  100  7:52  Stalker  
  100  7:53  Phoenix  
  100  7:55  Pylon  
  102  7:58  Stalker x2  
  102  7:59  Pylon  
  102  8:01  Warp Prism (Chrono Boost)  
  108  8:13  Stalker  
  110  8:20  Gateway, Stalker  
  110  8:22  Gateway, Stalker  
  110  8:25  Pylon  
  114  8:27  Observer  
  114  8:28  Observer  
  114  8:29  Unknown  
  114  8:33  Stalker x2  
  118  8:37  Pylon  
  118  8:43  Nexus  
  118  8:51  Stalker x3  
  118  8:55  Probe x3  
  127  9:04  Photon Cannon  
  127  9:07  Stalker x2  
  131  9:12  Gateway  
  131  9:21  Protoss Ground Weapons Level 2 (Chrono Boost)  
  131  9:26  Gateway  
  131  9:27  Zealot x3  
  131  9:31  Zealot  
  139  9:36  Stalker  
  141  9:41  Photon Cannon  
  141  9:46  Pylon  
  141  9:47  Pylon  
  141  9:49  Pylon  
  141  10:03  Stalker x4  
  141  10:04  Stalker x3  
  141  10:05  Observer  
  153  10:10  Pylon  
  153  10:11  Probe x2  
  153  10:12  Probe x2, Pylon  
  153  10:34  Zealot x4  
  156  10:37  Zealot x5  
  156  10:40  Probe x4  
  170  10:52  Probe  
  171  11:04  Zealot x9  
  187  11:14  Gateway  
  187  11:20  Gateway  
  187  11:23  Pylon  
  181  11:25  Pylon  
  181  11:28  Stalker x5  
  181  11:29  Stalker x2  
  191  11:33  Stalker  
  157  11:58  Zealot x5, Stalker x4  
Show
View Real Time Build Order
Export as new Build Order

SKillous Protoss 

Build Orders: Oracle Opening 

Get SALT Encoding   

  12  0:00  Probe  
  13  0:12  Probe  
  14  0:17  Pylon  
  14  0:24  Probe (Chrono Boost)  
  15  0:36  Gateway, Probe (Chrono Boost)  
  16  0:44  Probe (Chrono Boost)  
  16  0:45  Assimilator  
  17  0:50  Probe  
  17  0:54  Assimilator  
  18  1:03  Probe (Chrono Boost)  
  19  1:08  Gateway  
  20  1:12  Probe (Chrono Boost)  
  20  1:17  Probe (Chrono Boost)  
  21  1:25  Cybernetics Core  
  21  1:29  Probe  
  22  1:36  Pylon  
  22  1:41  Probe  
  23  1:54  Probe  
  24  2:02  Adept x2, Warp Gate  
  28  2:10  Pylon  
  29  2:17  Stargate  
  28  2:32  Pylon  
  28  2:35  Stalker  
  31  2:37  Probe  
  31  2:49  Probe  
  32  2:58  Oracle (Chrono Boost)  
  35  3:07  Nexus  
  35  3:09  Probe  
  36  3:19  Pylon  
  34  3:23  Probe  
  34  3:26  Oracle (Chrono Boost)  
  36  3:37  Pylon  
  36  3:38  Probe  
  37  3:50  Probe  
  37  3:54  Stalker x2  
  42  4:02  Probe  
  40  4:14  Probe (Chrono Boost)  
  34  4:22  Stalker  
  36  4:25  Stalker, Probe (Chrono Boost)  
  36  4:31  Probe (Chrono Boost)  
  39  4:34  Probe (Chrono Boost)  
  41  4:40  Probe x2 (Chrono Boost)  
  42  4:49  Probe  
  43  4:53  Probe  
  44  5:01  Robotics Facility, Probe  
  45  5:15  Probe (Chrono Boost)  
  45  5:18  Probe (Chrono Boost)  
  47  5:23  Stalker, Sentry  
  47  5:26  Probe (Chrono Boost)  
  53  5:28  Pylon, Probe (Chrono Boost)  
  53  5:34  Probe (Chrono Boost)  
  53  5:35  Probe (Chrono Boost)  
  55  5:41  Probe x2  
  56  5:48  Immortal  
  61  5:51  Adept x2  
  61  5:53  Probe x2  
  67  5:59  Pylon  
  67  6:05  Probe  
  68  6:14  Probe  
  68  6:16  Assimilator  
  68  6:17  Probe  
  70  6:24  Immortal (Chrono Boost)  
  70  6:26  Probe  
  70  6:27  Pylon  
  70  6:29  Sentry  
  76  6:40  Stalker  
  76  6:42  Pylon  
  76  6:44  Pylon  
  76  6:46  Twilight Council  
  78  6:50  Probe  
  79  6:56  Probe  
  81  7:01  Immortal (Chrono Boost)  
  81  7:02  Probe  
  82  7:09  Stalker x2  
  82  7:12  Pylon  
  86  7:15  Assimilator  
  86  7:20  Gateway  
  86  7:21  Gateway  
  86  7:22  Blink  
  86  7:33  Warp Prism (Chrono Boost)  
  86  7:35  Pylon  
  88  7:44  Nexus  
  88  7:47  Probe x2 (Chrono Boost)  
  90  7:58  Robotics Bay  
  91  7:59  Probe x2 (Chrono Boost)  
  91  8:04  Shield Battery  
  92  8:06  Probe (Chrono Boost)  
  92  8:07  Probe (Chrono Boost)  
  92  8:13  Probe  
  92  8:14  Shield Battery  
  92  8:15  Observer, Pylon  
  92  8:16  Robotics Facility, Probe  
  95  8:21  Stalker  
  97  8:29  Probe x2  
  99  8:41  Adept, Probe  
  102  8:42  Stalker, Adept  
  102  8:45  Disruptor (Chrono Boost)  
  110  8:51  Gateway  
  110  8:54  Gateway  
  110  9:01  Assimilator, Stalker  
  112  9:03  Disruptor (Chrono Boost)  
  112  9:04  Assimilator  
  120  9:17  Disruptor (Chrono Boost)  
  120  9:23  Resonating Glaives  
  120  9:24  Forge  
  120  9:25  Probe x3  
  120  9:26  Pylon  
  123  9:35  Stalker  
  123  9:36  Stalker, Pylon, Disruptor (Chrono Boost)  
  131  9:46  Disruptor (Chrono Boost)  
  131  9:51  Stalker, Pylon  
  137  9:57  Stalker x2  
  139  10:00  Adept  
  139  10:02  Adept  
  143  10:08  Disruptor  
  147  10:14  Disruptor  
  151  10:22  Stalker x3  
  151  10:23  Stalker, Protoss Ground Weapons Level 1 (Chrono Boost)  
  151  10:27  Pylon  
  150  10:37  Stalker x2  
  154  10:44  Disruptor  
  158  10:50  Adept x4  
  165  11:04  Stalker  
  165  11:06  Stalker  
  165  11:09  Pylon  
  165  11:11  Probe  
  170  11:13  Pylon  
  170  11:14  Stalker  
  170  11:21  Pylon  
  170  11:25  Disruptor  
  170  11:29  Stalker x4  
  178  11:46  Nexus  
  166  11:52  Adept x4  
  126  12:05  Stalker x2  
Tags
 
Add a new tag
Caveats
  • Supply blocks, unpowered buildings, or Contaminate may cause inaccurate times.
  • Supply counts are checked every 10 seconds.